AoeStats
← Kiritastrich

Arena

506607655Analyzed
1v1 RM · 17d ago on Sep 14, 2026· 38m 35s· 2 players
Game mode
Random Map
Map size
Tiny (2 player)
Population
200
Speed
Normal
Resources
Standard
Victory
Conquest
Starting age
Dark Age
Ending age
Imperial Age
RankedLock teamsTeams togetherTeam positionsShared explorationLock speedFull tech treeHidden civsTurbo modeCheats
Victory
Defeat
🇷🇺 Persians · Russia
1839
+13
🇪🇸 Slavs · Spain
1781
-13
DK_Exmerior
10:43 Feudal Age
10:26 Loom
14:40 Castle Age
13:36 Double-Bit Axe
13:46 Fletching
19:06 Stone Mining
25:40 Horse Collar
27:09 Heavy Plow
29:36 Wheelbarrow
32:08 Imperial Age
30:19 Masonry
30:34 Bow Saw
30:36 Gold Mining
31:10 Scale Barding Armor
31:15 Forging
31:48 Hand Cart
33:45 Chain Barding Armor
34:29 Bloodlines
35:04 Plate Barding Armor
35:06 Iron Casting
36:08 Chemistry
35:43 Block Printing
36:54 Blast Furnace
37:52 Pikeman
38:34 Scale Mail Armor
Kiritastrich
7:08 Loom
9:11 Feudal Age
13:27 Fletching
16:04 Horse Collar
16:44 Double-Bit Axe
19:34 Wheelbarrow
23:08 Castle Age
22:32 Gold Mining
29:06 Imperial Age
29:08 Bow Saw
30:32 Chemistry
29:33 Padded Archer Armor
35:30 Devotion
Connection lost

Rejoining the realm…

Still unreachable

The connection could not be restored.

Session expired

The server has moved on; the page needs a fresh start.